 Dungeon Crawl Stone Soup version 0.23.0-3-gf3c87f2 (webtiles) character file.

Game seed: 15400436709918933612

77 Kurtz the Slasher (level 4, -3/35 HPs)
             Began as a Mummy Chaos Knight on Feb 22, 2019.
             Was a Plaything of Xom.
             Slain by a gnoll
             ... wielding a +0 whip
              (9 damage)
             ... on level 1 of the Dungeon.
             The game lasted 00:00:39 (512 turns).

Kurtz the Slasher (Mummy Chaos Knight)               Turns: 512, Time: 00:00:39

Health: -3/35      AC:  5    Str: 16    XL:     4   Next: 14%
Magic:  4/4        EV: 11    Int: 11    God:    Xom [..*...]
Gold:   41         SH:  0    Dex: 11    Spells: 3/3 levels left

rFire    x . .     SeeInvis .   a - +0 falchion (chaos)
rCold    + . .     Gourm    .   (no shield)
rNeg     + + +     Faith    .   b - +2 leather armour
rPois    ∞         Spirit   .   (no helmet)
rElec    .         Reflect  .   (no cloak)
rCorr    .         Harm     .   (no gloves)
MR       .....                  (no boots)
Stlth    +.........             (no amulet)
HPRegen  0.11/turn              (no ring)
MPRegen  0.09/turn              (no ring)

@: no status effects
A: no food or potions, fire vulnerability, cold resistance 1, negative energy
resistance 3, torment resistance, unbreathing
a: Renounce Religion


You were on level 1 of the Dungeon.
You worshipped Xom.
You were a toy of Xom.
You were not hungry.

You visited 1 branch of the dungeon, and saw 2 of its levels.

You collected 41 gold pieces.

Inventory:

Hand Weapons
 a - a +0 falchion of chaos (weapon)
Armour
 b - a +2 leather armour (worn)
Scrolls
 c - 2 scrolls of teleportation {unknown}
 d - a scroll of remove curse {unknown}
 e - a scroll of immolation {unknown}
 f - a scroll of enchant weapon {unknown}
 g - 2 scrolls of identify {unknown}
 h - a scroll of blinking {unknown}


   Skills:
 - Level 3.0 Fighting
 * Level 4.1 Long Blades
 - Level 1.5 Armour
 - Level 0.7 Dodging


You had 3 spell levels left.
You didn't know any spells.
Your spell library was empty.

Dungeon Overview and Level Annotations

Branches:
Dungeon (2/15)

Altars:
Ashenzari


Innate Abilities, Weirdness & Mutations

You do not eat or drink.
Your flesh is vulnerable to fire.
You are immune to poison.
Your flesh is cold resistant. (rC+)
You are immune to negative energy. (rN+++)
You are immune to unholy pain and torment.
You can survive without breathing.


Message History

You hit the ooze.
The ooze is lightly wounded.
The ooze hits you.
* * * LOW HITPOINT WARNING * * *
You hit the ooze.
The ooze is heavily wounded.
The ooze barely misses you. The ooze closely misses you.
You hit the ooze but do no damage.
The ooze is heavily wounded.
The ooze hits you.
* * * LOW HITPOINT WARNING * * *
You hit the ooze.
You kill the ooze!
The kobold throws a stone.
The stone hits you but does no damage.
You hit the kobold. You freeze the kobold.
You kill the kobold!
You barely miss the gnoll.
The gnoll is heavily wounded.
The gnoll hits you with a +0 whip!
You die...

########
#......#
#......# #####
#......#
####...# ##
#......#
#..+...+ ..
###......#
#.##...# .#
..+......#
###.##...# ?#
###!.....#
#@gK('...# K.
#.....)#
######...### ..
###......######
###.....#####..
...............
.............>..
#######'#######
###..........#.#
#..#
#..........#.#
##.#
#.###......#.#
#.# #..
##+#####.# #.##
#######.. >.


You could see a gnoll and a kobold.

Vanquished Creatures
  5 gnolls (D:2)
  2 oozes (D:1)
  A dart slug (D:1)
  A leopard gecko (D:1)
  A giant cockroach (D:1)
  A hobgoblin (D:1)
  2 bats (D:1)
  3 goblins
  4 kobolds
  3 rats (D:1)
23 creatures vanquished.

Notes
Turn   | Place    | Note
-------+----------+-------------------------------------------
     0 | D:1      | Kurtz the Mummy Chaos Knight began the quest for the Orb.
     0 | D:1      | Reached XP level 1. HP: 18/18 MP: 1/1
   229 | D:1      | XOM: butterfly on damage
   230 | D:1      | Reached skill level 3 in Long Blades
   230 | D:1      | Reached XP level 2. HP: 19/24 MP: 2/2
   366 | D:2      | Found a shattered altar of Ashenzari.
   378 | D:2      | Reached XP level 3. HP: 29/29 MP: 3/3
   410 | D:2      | Reached skill level 4 in Long Blades
   480 | D:2      | Reached XP level 4. HP: 34/35 MP: 4/4
   512 | D:1      | Slain by a gnoll

Skill      XL: |  1  2  3 |
---------------+----------+-----
Long Blades    | 3 4 |  4.1
Fighting       | |  3.0
Armour         | |  1.5
Dodging        | |  0.7

Action                   |  1- 3 |  4- 6 || total
-------------------------+-------+-------++-------
Melee: Falchion          |    53 |     7 ||    60
 Stab: Paralysed         |     1 |       ||     1
Armor: Leather armour    |    10 |     5 ||    15
Dodge: Dodged            |    30 |     8 ||    38
       Rpst.: Falchion   |    13 |     1 ||    14
